 Dungeon Crawl Stone Soup version 0.22-a0-479-gc6e99f3 (webtiles) character file.

4253 Laiders72 the Thaumaturge (level 10, -3/74 HPs)
             Began as a Gnoll Wizard on June 14, 2018.
             Was an Initiate of Ashenzari.
             Slain by Snorg (11 damage)
             ... on level 10 of the Dungeon on June 15, 2018.
             The game lasted 00:43:39 (11745 turns).

Laiders72 the Thaumaturge (Gnoll Wizard)           Turns: 11745, Time: 00:43:40

Health: -3/74      AC:  8    Str: 14    XL:     10   Next: 31%
Magic:  1/29       EV: 23    Int: 24    God:    Ashenzari [......]
Gold:   512        SH:  8    Dex: 21    Spells: 10/26 levels left

rFire    . . .     SeeInvis .   b - +0 trident
rCold    . . .     Gourm    .   e - +2 buckler {AC+3}
rNeg     . . .     Faith    .   a - +0 robe
rPois    .         Spirit   .   t - +1 hat
rElec    .         Reflect  .   (no cloak)
rCorr    .         Harm     .   w - +1 pair of gloves
MR       .....                  (no boots)
Stlth    +++++.....             n - amulet of regeneration
HPRegen  0.62/turn              j - ring of magical power
MPRegen  0.21/turn              (no ring)

@: mighty, agile
A: distributed training, fangs 1, agile 1, low mp 1, sense surroundings 1,
strong nose
a: Curse Item, Renounce Religion


You were on level 10 of the Dungeon.
You worshipped Ashenzari.
Ashenzari was noncommittal.
You were not hungry.

You visited 2 branches of the dungeon, and saw 11 of its levels.
You also visited: Sewer and Ossuary.

You collected 512 gold pieces.

Inventory:

Hand Weapons
 b - a +0 trident (weapon)
Missiles
 h - 158 arrows
Armour
 a - a +0 robe (worn)
 e - a +2 buckler of protection (worn)
 t - a +1 hat (worn)
 w - a +1 pair of gloves (worn)
Jewellery
 j - a ring of magical power (left hand)
 n - an amulet of regeneration (around neck)
 J - an uncursed amulet of the gourmand
Wands
 m - a wand of iceblast (24)
 u - a wand of paralysis (2)
 E - a wand of flame (26)
 I - a wand of polymorph (17)
 K - a wand of enslavement (15)
Scrolls
 g - 9 scrolls of teleportation
 p - a scroll of noise
 q - a scroll of amnesia
 r - a scroll of torment {unknown}
 s - a scroll of fear
 v - 5 scrolls of magic mapping
 y - a scroll of blinking {unknown}
 F - a scroll of fog
 G - a scroll of remove curse
 H - 3 scrolls of identify
Potions
 c - 5 potions of flight
 f - 5 potions of lignification
 i - 3 potions of mutation
 k - 2 potions of brilliance {unknown}
 l - 2 potions of agility
 o - 3 potions of resistance
 x - 5 potions of might
 z - a potion of magic {unknown}
 A - 4 potions of curing
 B - 2 potions of invisibility {unknown}
 C - a potion of cancellation {unknown}
 D - 2 potions of heal wounds
Comestibles
 d - 15 rations
 L - 3 chunks of flesh


   Skills:
 + Level 5.0 Fighting
 + Level 5.0 Short Blades
 + Level 5.0 Long Blades
 + Level 5.0 Axes
 + Level 5.0 Maces & Flails
 + Level 5.0 Polearms
 + Level 5.0 Staves
 + Level 5.0 Slings
 + Level 5.0 Bows
 + Level 5.0 Crossbows
 + Level 5.0 Throwing
 + Level 5.0 Armour
 + Level 6.9 Dodging
 + Level 6.6 Stealth
 + Level 5.0 Shields
 + Level 5.0 Unarmed Combat
 + Level 8.9 Spellcasting
 + Level 4.7 Conjurations
 + Level 4.2 Hexes
 + Level 4.2 Charms
 + Level 4.7 Summonings
 + Level 4.2 Necromancy
 + Level 4.7 Translocations
 + Level 4.2 Transmutations
 + Level 4.2 Fire Magic
 + Level 4.2 Ice Magic
 + Level 4.2 Air Magic
 + Level 4.2 Earth Magic
 + Level 4.2 Poison Magic
 + Level 5.5 Invocations
 + Level 5.0 Evocations


You had 10 spell levels left.
You knew the following spells:

 Your Spells              Type           Power        Failure   Level  Hunger
a - Magic Dart            Conj           ####         1%          1    None
b - Blink                 Tloc           N/A          1%          2    None
c - Call Imp              Summ           ####....     1%          2    None
d - Conjure Flame         Conj/Fire      ####....     2%          3    None
e - Mephitic Cloud        Conj/Pois/Air  ####....     3%          3    None
f - Swiftness             Chrm/Air       ####....     1%          2    None
g - Confuse               Hex            ####....     3%          3    None

Your spell library contained the following spells:

 Spells                   Type           Power        Failure   Level  Hunger
 Lightning Bolt           Conj/Air       ####......   26%         5    ####...
 Slow                     Hex            ####....     1%          2    None
 Animate Dead             Necr           N/A          11%         4    ##.....
 Pain                     Necr           ####         1%          1    None
 Animate Skeleton         Necr           N/A          1%          1    None
 Vampiric Draining        Necr           ####......   3%          3    None
 Regeneration             Chrm/Necr      ####......   3%          3    None
 Tukima's Dance           Hex            ####....     3%          3    None
 Shock                    Conj/Air       ####         1%          1    None
 Airstrike                Air            ####......   11%         4    ##.....
 Confusing Touch          Hex            ####..       1%          1    None
 Ensorcelled Hibernation  Hex/Ice        ####..       1%          2    None
 Metabolic Englaciation   Hex/Ice        ####......   28%         5    ####...
 Static Discharge         Conj/Air       ####....     2%          3    None
 Corona                   Hex            ####...      1%          1    None
 Petrify                  Tmut/Erth      ####....     11%         4    ##.....
 Dazzling Spray           Conj/Hex       ####..       2%          3    None
 Gell's Gravitas          Tloc           ####......   2%          3    None
 Yara's Violent Unravell  Hex/Tmut       ####......   28%         5    ####...


Dungeon Overview and Level Annotations

Branches:
Dungeon (10/15)            Temple (1/1) D:7
   Lair: D:8-11         Orc: D:9-12

Altars:
Ashenzari
Cheibriados
Dithmenos
Elyvilon
Fedhas
Gozag
Hepliaklqana
Kikubaaqudgha
Makhleb
Nemelex Xobeh
Okawaru
Qazlal
Ru
Sif Muna
Trog
Uskayaw
Vehumet
Wu Jian
Xom
Yredelemnul
Zin
The Shining One

Shops:
D:4 =   D:6 :

Annotations:
D:10 Snorg


Innate Abilities, Weirdness & Mutations

Your experience applies equally to all skills.
You have very sharp teeth.
Your uncanny sense of smell can sniff out nearby items.
You are agile. (Dex +2)
Your magical capacity is low. (-10% MP)
You passively map a small area around you.


Message History

Snorg is lightly wounded.
Snorg misses you. You block Snorg's attack. Snorg claws you!
* * * LOW HITPOINT WARNING * * *
Casting: Blink (safe; 1% risk of failure)
Confirm with . or Enter, or press ? or * to list all spells.
You blink.
Casting: Blink (safe; 1% risk of failure)
Confirm with . or Enter, or press ? or * to list all spells.
You blink.
Casting: Blink (safe; 1% risk of failure)
Confirm with . or Enter, or press ? or * to list all spells.
You blink.
Snorg misses you. Snorg barely misses you. Snorg misses you.
Casting: Blink (safe; 1% risk of failure)
Confirm with . or Enter, or press ? or * to list all spells.
You don't have enough magic to cast that spell.
You feel much better. Snorg completely misses you. Snorg claws you!!
* * * LOW HITPOINT WARNING * * *
Snorg barely misses you. Snorg completely misses you. You block Snorg's attack.
Snorg claws you!
You die...

#.......+.## , *
#.....#.#..## ,
#.#.#.#.##<.#####
#.###.#.###.....#
* #.###.#.#
##...## #.......#
##'##
#####.#######.# *
#........##.#
#.#@#.....#.## ,
#.#.T..ยง.....##
#.###.......^.#
#........#...##
#######.###.##*
#.# ### , #.. ,
####** **


You could see Snorg (berserk).

Vanquished Creatures
  A yak (D:5)
  2 ice beasts
  4 sky beasts
  An orc warrior (D:7)
  2 phantoms
  2 ogres
  3 centaurs
  3 big kobolds (Sewer)
  4 bullfrogs
  A wyvern skeleton (D:10)
  4 scorpions
  13 killer bees
  5 jellies
  A crimson imp (D:6)
  2 centaur zombies
  A bullfrog zombie (D:6)
  A centaur skeleton (D:4)
  3 bullfrog skeletons
  A human zombie (D:4)
  5 hounds
  An orc priest (D:6)
  An iguana (D:6)
  Ijyb (D:3)
  2 human skeletons (D:4)
  4 orc wizards
  4 worker ants
  2 hound zombies
  A hound skeleton (D:8)
  3 mummies (Ossuary)
  2 worker ant zombies (D:4)
  2 howler monkey zombies
  3 river rats (Sewer)
  7 adders
  3 shadow imps
  5 oozes (D:9)
  2 adder zombies
  2 worms
  An adder skeleton (D:5)
  7 dart slugs
  4 leopard geckos
  16 orcs
  12 giant cockroaches
  2 gnoll zombies (Ossuary)
  5 hobgoblins (D:1)
  7 jackals
  16 kobolds
  4 ball pythons
  13 bats
  9 frilled lizards
  A giant cockroach zombie (D:6)
  17 goblins
  A hobgoblin zombie (Ossuary)
  A jackal skeleton (D:5)
  A jackal zombie (D:4)
  A kobold zombie (Ossuary)
  A leopard gecko skeleton (D:5)
  A leopard gecko zombie (D:4)
  2 orc skeletons (D:4)
  An orc zombie (Ossuary)
  2 quokka zombies (D:5)
  16 rats
245 creatures vanquished.

Vanquished Creatures (collateral kills)
  A wraith (D:6)
  A phantom (D:6)
  An ogre (D:4)
  The ghost of Yarrr the Scratcher, an amateur FeWr (D:4)
  An orc priest (D:6)
  2 mummies (Ossuary)
  An adder (Sewer)
  5 river rats (Sewer)
  A worm (D:3)
  A kobold (Sewer)
  3 ball pythons (Sewer)
  A goblin zombie (Ossuary)
  An orc skeleton (D:4)
  An orc zombie (Ossuary)
  4 rats (Sewer)
25 creatures vanquished.

Grand Total: 270 creatures vanquished

Notes
Turn   | Place    | Note
-------+----------+-------------------------------------------
     0 | D:1      | Laiders72 the Gnoll Wizard began the quest for the Orb.
     0 | D:1      | Reached XP level 1. HP: 13/13 MP: 8/8
   135 | D:1      | Reached XP level 2. HP: 19/19 MP: 3/10
   193 | D:1      | Learned a level 2 spell: Blink
   196 | D:1      | Learned a level 2 spell: Call Imp
   322 | D:1      | Reached XP level 3. HP: 25/25 MP: 0/11
   587 | D:1      | Reached skill level 1 in Invocations
  1061 | D:2      | Reached skill level 1 in Fighting
  1061 | D:2      | Reached skill level 1 in Short Blades
  1061 | D:2      | Reached skill level 1 in Long Blades
  1061 | D:2      | Reached skill level 1 in Axes
  1061 | D:2      | Reached skill level 1 in Maces & Flails
  1061 | D:2      | Reached skill level 1 in Polearms
  1061 | D:2      | Reached skill level 1 in Staves
  1061 | D:2      | Reached skill level 1 in Slings
  1061 | D:2      | Reached skill level 1 in Bows
  1061 | D:2      | Reached skill level 1 in Crossbows
  1061 | D:2      | Reached skill level 1 in Throwing
  1061 | D:2      | Reached skill level 1 in Armour
  1061 | D:2      | Reached skill level 1 in Shields
  1061 | D:2      | Reached skill level 1 in Unarmed Combat
  1061 | D:2      | Reached skill level 1 in Evocations
  1205 | D:2      | Reached XP level 4. HP: 32/32 MP: 0/13
  1657 | D:2      | Found a blossoming altar of Fedhas.
  1946 | D:3      | Learned a level 3 spell: Conjure Flame
  1950 | D:3      | Learned a level 3 spell: Mephitic Cloud
  1964 | D:3      | Found a basalt altar of Yredelemnul.
  2266 | D:3      | Noticed an ogre
  2279 | D:3      | Reached skill level 1 in Hexes
  2279 | D:3      | Reached skill level 1 in Charms
  2279 | D:3      | Reached skill level 1 in Necromancy
  2279 | D:3      | Reached skill level 1 in Transmutations
  2279 | D:3      | Reached skill level 1 in Fire Magic
  2279 | D:3      | Reached skill level 1 in Ice Magic
  2279 | D:3      | Reached skill level 1 in Air Magic
  2279 | D:3      | Reached skill level 1 in Earth Magic
  2279 | D:3      | Reached skill level 1 in Poison Magic
  2414 | D:3      | Killed an ogre
  2414 | D:3      | Reached XP level 5. HP: 21/37 MP: 1/14
  2685 | D:3      | Noticed Ijyb
  2686 | D:3      | Paralysed by Ijyb for 5 turns
  2696 | D:3      | Paralysed by Ijyb for 3 turns
  2708 | D:3      | Killed Ijyb
  2904 | D:4      | Noticed an ogre
  2911 | D:4      | Killed an ogre
  2911 | D:4      | Reached XP level 6. HP: 44/44 MP: 10/16
  3047 | D:4      | Reached skill level 5 in Dodging
  3114 | D:4      | Found a sand-covered staircase.
  3285 | Ossuary  | Entered an ossuary
  3705 | Ossuary  | Reached XP level 7. HP: 36/50 MP: 18/18
  3849 | D:4      | Found Jiduufirig's Jewellery Emporium.
  3897 | D:4      | Noticed Yarrr's ghost (amateur FeWr)
  3909 | D:4      | Killed Yarrr's ghost
  4213 | D:4      | Reached skill level 5 in Stealth
  4853 | D:5      | Entered Level 5 of the Dungeon
  5090 | D:5      | Reached XP level 8. HP: 31/57 MP: 10/19
  5235 | D:5      | Found a glowing drain.
  5244 | Sewer    | Entered a sewer
  6208 | D:5      | Noticed a yak
  6246 | D:5      | Killed a yak
  6246 | D:5      | Reached skill level 8 in Spellcasting
  6620 | D:6      | Reached XP level 9. HP: 60/65 MP: 16/21
  6797 | D:6      | Learned a level 2 spell: Swiftness
  6895 | D:6      | Got an encrusted trident
  6932 | D:6      | Found Roorhem's Book Boutique.
  7082 | D:6      | Found a white marble altar of Elyvilon.
  7953 | D:6      | Learned a level 3 spell: Confuse
  8579 | D:7      | Found an opulent altar of Gozag.
  8922 | D:7      | Found a staircase to the Ecumenical Temple.
  8945 | Temple   | Entered the Ecumenical Temple
  9235 | Temple   | Became a worshipper of Ashenzari the Shackled
  9618 | D:8      | Identified the cursed +1 trident "Haso Buu" {protect, -Tele Int+2 SInv} (You found it on level 6 of the Dungeon)
  9691 | D:8      | Reached skill level 5 in Invocations
 10164 | D:8      | Reached XP level 10. HP: 73/73 MP: 22/22
 10511 | D:9      | Identified the ring "Axeasyaxt" {*Tele Int+3}
 11014 | D:9      | Reached skill level 5 in Fighting
 11014 | D:9      | Reached skill level 5 in Short Blades
 11014 | D:9      | Reached skill level 5 in Long Blades
 11014 | D:9      | Reached skill level 5 in Axes
 11014 | D:9      | Reached skill level 5 in Maces & Flails
 11014 | D:9      | Reached skill level 5 in Polearms
 11014 | D:9      | Reached skill level 5 in Staves
 11014 | D:9      | Reached skill level 5 in Slings
 11014 | D:9      | Reached skill level 5 in Bows
 11014 | D:9      | Reached skill level 5 in Crossbows
 11014 | D:9      | Reached skill level 5 in Throwing
 11014 | D:9      | Reached skill level 5 in Armour
 11014 | D:9      | Reached skill level 5 in Shields
 11014 | D:9      | Reached skill level 5 in Unarmed Combat
 11014 | D:9      | Reached skill level 5 in Evocations
 11339 | D:9      | Found an ornate altar of the Wu Jian Council.
 11568 | D:10     | Entered Level 10 of the Dungeon
 11664 | D:10     | Noticed Snorg
 11736 | D:10     | Gained mutation: You are agile. (Dex +2) [potion of mutation]
 11736 | D:10     | Gained mutation: Your magical capacity is low. (-10% MP) [potion of mutation]
 11736 | D:10     | Gained mutation: You passively map a small area around you. [potion of mutation]
 11741 | D:10     | HP: 1/74 [Snorg (13)]
 11745 | D:10     | Slain by Snorg

Vault maps used:
D:1:      lordsloth_arrival_two_stooges
D:2:      fedhas_altar_fruit_tree
D:3:      yredelemnul_altar_generic, first_ration, minmay_ogre_servants,
          uniq_ijyb
D:4:      serial_undead, serial_undead_a, serial_undead_d, serial_undead_f,
          serial_undead_c, serial_undead_a, serial_undead_b, serial_undead_a,
          serial_undead_c, serial_shops, shop_statue,
          nicolae_ossuary_entry_catacombs
D:5:      kennysheep_big_flooded_room, portal_sewer_entry_d,
          minmay_misc_feat_diagonals, bh_chokoban
D:6:      kennysheep_mini, serial_shops, nicolae_shop_trees
D:7:      kennysheep_little_box, minmay_temple_entry_nine_rooms
D:9:      lemuel_round_altar, hangedman_little_slice_of_home
D:10:     david_lair_generic, serial_shops, shop, kennysheep_generic_room_3,
          uniq_snorg, uniq_urug
Temple:   hc_temple_tempest_star
Sewer:    sewer_minmay_treatment
Ossuary:  ossuary_crypta

Skill      XL: |  1  2  3  4  5  6  7  8  9 10 |
---------------+-------------------------------+-----
Conjurations   | 2 3 4 |  4.7
Summonings     | 2 3 4 |  4.7
Translocations | 2 3 4 |  4.7
Invocations    | 1 2 3 4 5 |  5.5
Fighting       | 1 2 3 4 5 |  5.0
Short Blades   | 1 2 3 4 5 |  5.0
Long Blades    | 1 2 3 4 5 |  5.0
Axes           | 1 2 3 4 5 |  5.0
Maces & Flails | 1 2 3 4 5 |  5.0
Polearms       | 1 2 3 4 5 |  5.0
Staves         | 1 2 3 4 5 |  5.0
Slings         | 1 2 3 4 5 |  5.0
Bows           | 1 2 3 4 5 |  5.0
Crossbows      | 1 2 3 4 5 |  5.0
Throwing       | 1 2 3 4 5 |  5.0
Armour         | 1 2 3 4 5 |  5.0
Shields        | 1 2 3 4 5 |  5.0
Unarmed Combat | 1 2 3 4 5 |  5.0
Evocations     | 1 2 3 4 5 |  5.0
Hexes          | 1 2 3 4 |  4.2
Charms         | 1 2 3 4 |  4.2
Necromancy     | 1 2 3 4 |  4.2
Transmutations | 1 2 3 4 |  4.2
Fire Magic     | 1 2 3 4 |  4.2
Ice Magic      | 1 2 3 4 |  4.2
Air Magic      | 1 2 3 4 |  4.2
Earth Magic    | 1 2 3 4 |  4.2
Poison Magic   | 1 2 3 4 |  4.2
Dodging        | 5 6 |  6.9
Stealth        | 5 6 |  6.6
Spellcasting   | 8 |  8.9

Action                   |  1- 3 |  4- 6 |  7- 9 | 10-12 || total
-------------------------+-------+-------+-------+-------++-------
Melee: Spear             |    49 |    36 |       |       ||    85
       Bite              |     1 |    14 |    28 |     5 ||    48
       Trident           |       |   134 |   342 |    86 ||   562
 Cast: Magic Dart        |    54 |    66 |   407 |   134 ||   661
       Call Imp          |     3 |    18 |    41 |     5 ||    67
       Blink             |     1 |     4 |    24 |    10 ||    39
       Conjure Flame     |       |     3 |     4 |       ||     7
       Mephitic Cloud    |       |       |     6 |     1 ||     7
       Confuse           |       |       |     1 |     3 ||     4
       Swiftness         |       |       |       |     1 ||     1
  Use: Scroll            |     2 |     2 |    15 |       ||    19
       Potion            |       |       |       |     6 ||     6
 Stab: Sleeping          |     7 |     2 |     3 |       ||    12
       Distracted        |     1 |     3 |     2 |       ||     6
       Confused          |       |       |     1 |       ||     1
  Eat: Chunk             |       |     7 |    11 |       ||    18
       Ration            |       |     1 |     2 |     2 ||     5
Armor: Robe              |    11 |    42 |   120 |    41 ||   214
Dodge: Dodged            |    29 |    96 |   287 |   101 ||   513
Block: Buckler           |     8 |    25 |   139 |    53 ||   225

Table legend:
 A = Spawn XP
 B = Non-spawn XP
 C = Spawn XP percentage of total XP
 D = Spawn monster count
 E = Non-spawn monster count
 F = Spawn count percentage of total count
 G = Total turns spent on level
                    A         B        C        D         E        F      G
               +---------+---------+-------+---------+---------+-------+---------
         Total |       0 |    6077 |   0.0 |       0 |     270 |   0.0 | 11745
               +---------+---------+-------+---------+---------+-------+---------
           D:1 |       0 |      60 |   0.0 |       0 |      34 |   0.0 |   915
           D:2 |       0 |      31 |   0.0 |       0 |      11 |   0.0 |   919
           D:3 |       0 |     203 |   0.0 |       0 |      22 |   0.0 |  1070
           D:4 |       0 |     745 |   0.0 |       0 |      31 |   0.0 |  1458
           D:5 |       0 |     676 |   0.0 |       0 |      28 |   0.0 |   941
           D:6 |       0 |    1090 |   0.0 |       0 |      23 |   0.0 |  1411
           D:7 |       0 |     692 |   0.0 |       0 |      20 |   0.0 |  1263
           D:8 |       0 |     929 |   0.0 |       0 |      13 |   0.0 |   925
           D:9 |       0 |    1037 |   0.0 |       0 |      23 |   0.0 |  1090
          D:10 |       0 |     123 |   0.0 |       0 |       4 |   0.0 |   177
         Sewer |       0 |     370 |   0.0 |       0 |      48 |   0.0 |   767
       Ossuary |       0 |     121 |   0.0 |       0 |      13 |   0.0 |   491
               +---------+---------+-------+---------+---------+-------+---------
